 Dungeon Crawl Stone Soup version 0.20.1-1-g8b1a95d (webtiles) character file.

959 recordrepeat the Cleaver (level 8, 0/68 HPs)
             Began as a Hill Orc Fighter on Jan 24, 2018.
             Slain by an ogre
             ... wielding a cursed -1 giant club
              (16 damage)
             ... on level 4 of the Dungeon.
             The game lasted 00:27:38 (4204 turns).

recordrepeat the Cleaver (Hill Orc Fighter)         Turns: 4204, Time: 00:27:39

Health: 0/68       AC:  7    Str: 26    XL:     8   Next: 14%
Magic:  8/8        EV: 13    Int:  8    God:
Gold:   231        SH: 11    Dex: 13    Spells: 7/7 levels left

rFire    . . .     SeeInvis .   a - +0 war axe
rCold    . . .     Gourm    .   c - +0 shield
rNeg     . . .     Faith    .   b - +0 scale mail
rPois    .         Spirit   .   (no helmet)
rElec    .         Reflect  .   (no cloak)
rCorr    .         Harm     .   (no gloves)
MR       .....                  (no boots)
Stlth    ..........             (no amulet)
Regen    0.3/turn               k - +3 ring of dexterity
MPRegen  0.2/turn               l - +4 ring of evasion

@: mighty
A: no striking features
a: no special abilities


You were on level 4 of the Dungeon.
You were hungry.

You visited 1 branch of the dungeon, and saw 4 of its levels.
You also visited: Sewer.

You collected 231 gold pieces.

Inventory:

Hand Weapons
 a - a +0 war axe (weapon)
Armour
 b - a +0 scale mail (worn)
 c - a +0 shield (worn)
Jewellery
 k - a +3 ring of dexterity (left hand)
 l - a +4 ring of evasion (right hand)
 p - an uncursed amulet of faith
Wands
 n - a wand of random effects (18/48)
 q - a wand of flame (34/48)
 u - a wand of paralysis (9/24)
Scrolls
 e - 2 scrolls of recharging {unknown}
 g - 3 scrolls of identify {unknown}
 h - 5 scrolls of remove curse
 i - a scroll of random uselessness {unknown}
 j - a scroll of enchant weapon {unknown}
 m - 2 scrolls of blinking {unknown}
 t - a scroll of teleportation {unknown}
 v - a scroll of amnesia {unknown}
Potions
 o - a potion of flight {unknown}
 r - a potion of heal wounds {unknown}
 w - a potion of agility {unknown}
 x - a potion of might
 z - a potion of magic {unknown}
Comestibles
 d - 14 chunks of flesh
 f - 4 bread rations
 s - 3 royal jellies


   Skills:
 + Level 5.3 Fighting
 + Level 8.3 Axes
 + Level 4.9 Armour
 + Level 1.4 Dodging
 + Level 0.8 Stealth
 + Level 5.6 Shields


You had 7 spell levels left.
You didn't know any spells.

Dungeon Overview and Level Annotations

Branches:
Dungeon (4/15)             Temple (0/1) D:4

Altars:
Makhleb


Message History

The goblin shouts!
You feel very mighty all of a sudden. The ogre hits you with a giant club.
* * * LOW HITPOINT WARNING * * *
2 goblins come into view.
You are feeling hungry.
The goblin shouts!
You hit the ogre.
The ogre is moderately wounded. 2 goblins come into view.
The goblin shouts!
You slash the ogre!
The ogre is heavily wounded.
The ogre barely misses you.
A goblin comes into view.
Your shield prevents you from hitting the ogre.
The ogre is heavily wounded.
The goblin shouts!
The ogre hits you with a giant club!
You die... #...#....[# .g. #...'.....+ .gg

#...#....)# ...g
#########)##+###
..g..#...#..........#
$..g8#...#..........#
.........#..........#
.......O##..........#
##..@##..........#
#..?.............#
#.......(........#
##...##..........#
..#...##.....##...#
......##.....##...#
............(.....#
#..................#
#.<.....?...)......#


You could see an ogre and 6 goblins.

Vanquished Creatures
  Sigmund (D:3)
  A phantom (D:4)
  2 bullfrogs (Sewer)
  A hound (D:4)
  3 orc wizards
  Ijyb (D:3)
  Terence (D:2)
  Jessica (D:2)
  2 worker ants (D:4)
  3 gnolls (D:3)
  11 adders
  10 oozes (Sewer)
  2 worms (D:2)
  2 dart slugs
  13 leopard geckos
  7 orcs
  12 ball pythons
  6 bats
  15 giant cockroaches
  12 goblins
  8 hobgoblins
  9 jackals
  2 quokkas
  16 frilled lizards
  11 kobolds
  8 rats
160 creatures vanquished.

Notes
Turn   | Place    | Note
-------+----------+-------------------------------------------
     0 | D:1      | recordrepeat the Hill Orc Fighter began the quest for the Orb.
     0 | D:1      | Reached XP level 1. HP: 19/19 MP: 1/1
   126 | D:1      | Reached XP level 2. HP: 25/27 MP: 2/2
   900 | D:1      | Reached XP level 3. HP: 33/33 MP: 3/3
  1015 | D:2      | Reached skill level 3 in Axes
  1400 | D:2      | Noticed Jessica
  1410 | D:2      | Killed Jessica
  1410 | D:2      | Reached XP level 4. HP: 24/40 MP: 4/4
  1518 | D:2      | Reached skill level 4 in Axes
  1725 | D:2      | Noticed Terence
  1729 | D:2      | Killed Terence
  1729 | D:2      | Reached XP level 5. HP: 46/46 MP: 5/5
  2224 | D:3      | Noticed Sigmund
  2239 | D:4      | Reached skill level 5 in Axes
  2271 | D:3      | Killed Sigmund
  2271 | D:3      | Reached skill level 6 in Axes
  2271 | D:3      | Reached skill level 1 in Dodging
  2271 | D:3      | Reached XP level 6. HP: 13/53 MP: 6/6
  2639 | D:3      | Found a glowing drain.
  2671 | Sewer    | Entered a sewer
  2883 | Sewer    | Reached XP level 7. HP: 55/60 MP: 7/7
  3009 | Sewer    | Reached skill level 7 in Axes
  3217 | Sewer    | Reached skill level 5 in Fighting
  3237 | Sewer    | Reached skill level 5 in Shields
  3390 | D:3      | Noticed Ijyb
  3405 | D:3      | Killed Ijyb
  3444 | D:3      | Found a burning altar of Makhleb.
  3974 | D:4      | Found a staircase to the Ecumenical Temple.
  4078 | D:4      | Reached skill level 8 in Axes
  4089 | D:4      | Reached XP level 8. HP: 51/68 MP: 8/8
  4204 | D:4      | Slain by an ogre

Skill      XL: |  1  2  3  4  5  6  7 |
---------------+----------------------+-----
Axes           | 3 4 6 8 |  8.3
Fighting       | 4 5 |  5.3
Armour         | 4 |  4.9
Shields        | 4 5 |  5.6
Dodging        | 1 |  1.4
Stealth        | |  0.8

Action                   |  1- 3 |  4- 6 |  7- 9 || total
-------------------------+-------+-------+-------++-------
Melee: War axe           |   106 |   179 |   230 ||   515
  Use: Potion            |       |     2 |     1 ||     3
       Scroll            |       |     1 |       ||     1
  Eat: Bread ration      |     1 |       |       ||     1
       Royal jelly       |       |     1 |       ||     1
       Chunk             |       |       |     5 ||     5
Armor: Scale mail        |    41 |    45 |    51 ||   137
       Skin              |       |     3 |       ||     3
Dodge: Dodged            |    35 |    86 |   113 ||   234
Block: Shield            |    45 |    87 |   112 ||   244
